 Dungeon Crawl Stone Soup version 0.30.0-10-gfe55d96785 (webtiles) character file.

Game seed: 2717512097755782706

133 monsoonserge the Slasher (level 5, 0/46 HPs)
             Began as a Meteoran Monk on May 16, 2023.
             Slain by an adder (4 damage)
             ... on level 3 of the Dungeon.
             The game lasted 00:06:23 (1128 turns).

monsoonserge the Slasher (Meteoran Monk)            Turns: 1128, Time: 00:06:24

Health: 0/46       AC: -2    Str: 12    XL:     5   Next: 67%
Magic:  6/6        EV: 11    Int: 12    God:
Gold:   42         SH:  8    Dex: 18    Spells: 4/4 levels left

rFire   + . .        y - +0 rapier
rCold   + . .        r - +0 kite shield
rNeg    . . .        t - +2 leather armour {rF+}
rPois   .            (no helmet)
rElec   .            (no cloak)
rCorr   .            (no gloves)
SInv    .            (no boots)
Will    .....        (no amulet)
Stlth   +            v - ring of protection from cold
HPRegen 0.27/turn    (no ring)
MPRegen 0.10/turn

%: no passive effects
@: corroded, glowing
A: sense surroundings 1, otherworldly, glowing, explore regen
a: no special abilities


You were on level 3 of the Dungeon.
You visited 1 branch of the dungeon, and saw 3 of its levels.

You collected 42 gold pieces.

Inventory:

Hand Weapons
 a - a +0 falchion
 y - a +0 rapier (weapon)
Missiles
 w - 4 javelins (quivered)
Armour
 b - a +0 robe
 d - an orb of light
 l - a +0 chain mail
 o - a +0 robe
 r - a +0 kite shield (worn)
 t - a +2 leather armour of fire resistance (worn)
Magical Staves
 q - a staff of fire
Jewellery
 v - a ring of protection from cold (left hand)
Scrolls
 e - 4 scrolls of identify {unknown}
 f - a scroll of vulnerability {unknown}
 g - a scroll of torment {unknown}
 i - a scroll of teleportation {unknown}
 j - 3 scrolls of noise {unknown}
 k - a scroll of blinking {unknown}
 m - a scroll of magic mapping {unknown}
 p - a scroll of fog {unknown}
 s - a scroll of fear {unknown}
 z - a scroll of summoning {unknown}
Potions
 c - a potion of ambrosia
 h - a potion of heal wounds {unknown}
 n - a potion of cancellation {unknown}
 u - a potion of magic {unknown}
 x - a potion of degeneration {unknown}


   Skills:
 + Level 4.1 Fighting
 + Level 5.5 Long Blades
 + Level 0.9 Armour
 + Level 4.2 Dodging
 + Level 0.4 Stealth
 + Level 0.3 Shields


You had 4 spell levels left.
You didn't know any spells.
Your spell library contained the following spells:

 Spells                   Type           Power      Damage    Failure   Level
 Foxfire                  Conj/Fire      0%         2x1d4     88%         1
 Summon Small Mammal      Summ           0%         N/A       88%         1
 Ensorcelled Hibernation  Hex/Ice        0%         N/A       96%         2
 Call Canine Familiar     Summ           0%         N/A       99%         3
 Spider Form              Tmut/Pois      0%         N/A       99%         3
 Summon Guardian Golem    Hex/Summ       0%         N/A       99%         3
 Anguish                  Hex/Necr       0%         N/A       100%        4
 Fireball                 Conj/Fire      0%         3d3       100%        5
 Plasma Beam              Fire/Air       0%         2x1d11    100%        6
 Starburst                Conj/Fire      0%         6d3       100%        6


Dungeon Overview and Level Annotations

Branches:
Dungeon (3/15) Zot: 611

Altars:
Dithmenos


Innate Abilities, Weirdness & Mutations

You passively map a small area around you.
You are easily found by Zot.
You glow in the dark.
You regain HP and MP as you explore.


Message History

The adder is severely wounded.
The adder bites you but does no damage. You block the adder's attack.
You hit the adder.
The adder is almost dead.
The adder bites you but does no damage.
You hit the adder.
You kill the adder!
Found a great mace.
Found a scroll labelled XECWOBBUHETT.
Found 2 scrolls labelled TOSSOT QORUIM.
z - a scroll labelled XECWOBBUHETT
Found a book of Fire.
j - 3 scrolls labelled TOSSOT QORUIM (gained 2)
There are no items here.
A jelly comes into view.
You see here a book of Fire.
You pick up a book of Fire and begin reading...
You add the spells Foxfire, Fireball, Plasma Beam and Starburst to your library.
Okay, then.
Found a stone staircase leading down.
The jelly quivers.
You hit the jelly but do no damage.
Your hands burn!
You block the jelly's attack. The jelly hits you.
You are splashed with acid!
Found a brown potion.
The jelly attacks as you move away! You block the jelly's attack.
An adder comes into view.
You puncture the jelly! The acid corrodes you!
Your hands burn!
The jelly is heavily wounded.
You block the jelly's attack.
You hit the jelly but do no damage.
Your hands burn!
The jelly is heavily wounded.
The jelly hits you.
You are splashed with acid!
The adder bites you.
You hit the jelly but do no damage. The acid corrodes you!
Your hands burn!
The jelly is heavily wounded.
The jelly hits you.
* * * LOW HITPOINT WARNING * * *
You are splashed with acid!
* * * LOW HITPOINT WARNING * * *
The adder bites you.
You die...

, #.........##...###.#
#. *
#...........)#.....#
#.
#.........##..†#####
#. *####...#####...#
######. , ,
#.........#..,........
, #....####...#
#######. #.#.....##.##
* ,#. , ,* #.#.J##.##.
.. #.#..@S.##. * .## *
, ..>...##..#*,* #. *
*###....,..... #, *
#.##! ..#### *,* #.#
.*..# # #.#*.#..#* *
#.## * #.. , , #.. *
** , ##* * *##. , , ,
##


You could see a jelly and an adder.

Vanquished Creatures
  An orc priest (D:2)
  An orc wizard (D:2)
  2 adders
  2 worms (D:2)
  2 orcs (D:2)
  2 endoplasms (D:3)
  A giant cockroach (D:1)
  8 goblins
  A hobgoblin (D:1)
  4 jackals
  5 kobolds
  A quokka (D:2)
  8 ball pythons
  5 bats
  2 frilled lizards (D:1)
  5 rats
50 creatures vanquished.

Notes
Turn   | Place    | Note
-------+----------+-------------------------------------------
     0 | D:1      | monsoonserge the Meteoran Monk began the quest for the Orb.
     0 | D:1      | Reached XP level 1. HP: 19/19 MP: 2/2
   152 | D:1      | Reached XP level 2. HP: 22/26 MP: 3/3
   212 | D:1      | Reached skill level 4 in Long Blades
   321 | D:1      | Reached XP level 3. HP: 31/31 MP: 4/4
   548 | D:2      | Reached XP level 4. HP: 39/40 MP: 5/5
   548 | D:2      | Found a shadowy altar of Dithmenos.
   684 | D:2      | Reached skill level 5 in Long Blades
   708 | D:2      | Reached XP level 5. HP: 24/46 MP: 6/6
  1128 | D:3      | Slain by an adder

Illustrated notes

Levels and vault maps discovered:
D:1:      ncdulo_lavacross, layout_basic, minmay_crystal_water
D:2:      wander_river, layout_rooms, basic_altar, minmay_misc_feat_room
D:3:      layout_loops_ring, tgw_trog, kennysheep_generic_room_2

Skill      XL: |  1  2  3  4 |
---------------+-------------+-----
Long Blades    | 4 5 |  5.5
Dodging        | 4 |  4.2
Fighting       | 4 |  4.1
Armour         | |  0.9
Stealth        | |  0.4
Shields        | |  0.3

Action                     |  1- 3 |  4- 6 || total
---------------------------+-------+-------++-------
  Melee: Falchion          |    70 |    76 ||   146
         Rapier            |       |    12 ||    12
   Stab: Distracted        |     1 |       ||     1
 Armour: Robe              |    15 |       ||    15
         Chain mail        |    10 |    29 ||    39
         Leather armour    |       |    10 ||    10
  Dodge: Dodged            |    39 |    16 ||    55
  Block: Kite shield       |       |    21 ||    21
